Description

TvZ build opening 3CC into double Starport Battlecruiser. If the zerg is playing a macro game, open with 2 Battlecruiser's to harrass at the 6:00 mark.

If the zerg decides to play an aggressive roach style, bunker up natural and start banshee production instead to delay roaches.

Follow up transitions into Marine Medvac with your initial two Battlecruiser's or banshees depending on how the early game went.

VOD

https://www.youtube.com/watch?v=UAUFKJANiwU

Build Order

Get SALT Encoding   

  14  0:16  Supply Depot  
  16  0:40  Barracks, Refinery  
  19  1:26  Reaper, Orbital Command  
  20  1:45  Command Center, Supply Depot  
  22  2:00  Refinery, Marine  
  24  2:16  Barracks Reactor  
  25  2:34  Command Center  
  26  2:47  Factory  
  26  2:54  Orbital Command  
  28  3:00  Refinery, Marine x2  
  32  3:16  Marine x2  
  35  3:32  Factory Tech Lab, Starport  
  39  3:47  Orbital Command  
  42  3:57  Marine x2  
  44  4:11  Fusion Core  
  46  4:16  Factory Tech Lab, Starport  
  50  4:26  Supply Depot x2  
  55  4:51  Barracks Tech Lab  
  67  5:00  Battlecruiser x2  
  69  5:10  Barracks, Stimpack, Refinery  
  69  5:17  Factory Tech Lab  
  73  5:39  Barracks x2, Siege Tank  
  75  5:46  Barracks, Engineering Bay x2  
  85  6:08  Siege Tank  
  85  6:14  Terran Infantry Armor Level 1  
  89  6:30  Barracks Reactor x3  
  95  6:36  Medivac x2  
  101  6:40  Siege Tank  
  100  6:45  Combat Shield  
  149  8:11  Armory, Terran Infantry Armor Level 1  
Spawning Tool Build Advisor. Get it on Overwolf

Go to:

Details

  • Created by: Darthmufasa
  • Published on: Aug 02, 2021
  • Modified on: Aug 03, 2021
  • Patch: 4.11.0
  • Difficulty: Medium
Show
View Real Time Build Order
Export as new Build Order

Comments (0)

There are no comments. Be the first!

Create an account to comment!